 Dungeon Crawl Stone Soup version 0.29-a0-577-gafbf2c5d25 (webtiles) character file.

Game seed: 2710456881332289314

36 shoop the Cudgeller (level 3, 0/29 HPs)
             Began as a Meteoran Warper on June 13, 2022.
             Slain by an orc
             ... wielding a +0 falchion
              (6 damage)
             ... on level 2 of the Dungeon.
             The game lasted 00:03:20 (456 turns).

shoop the Cudgeller (Meteoran Warper)                Turns: 456, Time: 00:03:21

Health: 0/29       AC:  3    Str: 14    XL:     3   Next: 82%
Magic:  8/8        EV: 12    Int: 14    God:
Gold:   32         SH:  0    Dex: 14    Spells: 3/7 levels left

rFire   . . .      SeeInvis .   a - +0 mace
rCold   . . .      Faith    .   (no shield)
rNeg    . . .      Spirit   .   b - +0 leather armour
rPois   .          Reflect  .   (no helmet)
rElec   .          Harm     .   (no cloak)
rCorr   .          Rampage  .   (no gloves)
Will    .....                   (no boots)
Stlth   +.........              (no amulet)
HPRegen 0.09/turn               (no ring)
MPRegen 0.11/turn               (no ring)

@: glowing
A: sense surroundings 1, otherworldly, glowing, explore regen
a: no special abilities


You were on level 2 of the Dungeon.
You visited 1 branch of the dungeon, and saw 3 of its levels.

You collected 32 gold pieces.

Inventory:

Hand Weapons
 a - a +0 mace (weapon)
Missiles
 d - 7 boomerangs of dispersal (quivered)
Armour
 b - a +0 leather armour (worn)
Jewellery
 g - a ring of ice
Scrolls
 c - a scroll of blinking
 e - 3 scrolls of identify {unknown}
 f - 2 scrolls of noise {unknown}
 h - a scroll of poison {unknown}


   Skills:
 - Level 2.1 Fighting
 + Level 4.6 Maces & Flails
 - Level 1.2 Throwing
 - Level 1.2 Armour
 - Level 2.4 Dodging
 - Level 2.6 Spellcasting
 - Level 3.6 Translocations
 + Level 0.7 Transmutations
 + Level 0.9 Earth Magic


You had 3 spell levels left.
You knew the following spells:

 Your Spells              Type           Power      Damage    Failure   Level
b - Blink                 Tloc           24%        N/A       10%         2
p - Passwall              Tmut/Erth      3%         N/A       30%         2

Your spell library contained the following spells:

 Spells                   Type           Power      Damage    Failure   Level
 Sandblast                Erth           8%         2d5       19%         1
 Gell's Gravitas          Tloc           12%        N/A       19%         3
 Lesser Beckoning         Tloc           12%        N/A       19%         3
 Teleport Other           Tloc           12%        N/A       19%         3
 Stone Arrow              Conj/Erth      6%         3d7       56%         3
 Manifold Assault         Tloc           12%        N/A       86%         5


Dungeon Overview and Level Annotations

Branches:
Dungeon (3/15)

Altars:

Annotations:
D:2 Robin


Innate Abilities, Weirdness & Mutations

You passively map a small area around you.
You are easily found by Zot.
You glow in the dark.
You regain HP and MP as you explore.


Message History

You kill the goblin!
You hit the endoplasm.
The endoplasm is severely wounded.
The endoplasm freezes you.
You are frozen.
You hit the endoplasm but do no damage.
The endoplasm is severely wounded.
The endoplasm closely misses you. x2
You hit the endoplasm.
The endoplasm is almost dead.
The endoplasm freezes you.
You are frozen.
You hit the endoplasm.
You kill the endoplasm!
You hit the orc.
The orc is heavily wounded.
The orc closely misses you.
You hit the orc.
You kill the orc!
You hit the orc but do no damage. The orc barely misses you.
The orc hits you but does no damage.
You hit the orc but do no damage. The orc misses you.
You hit the orc.
The orc is moderately wounded.
The orc hits you with a +0 falchion.
* * * LOW HITPOINT WARNING * * *
You aren't carrying any items that you can evoke.
It was a potion of curing.
You feel better. The orc hits you with a +0 falchion.
You hit the orc but do no damage.
The orc is moderately wounded.
The orc hits you with a +0 falchion.
You barely miss the orc.
The orc is moderately wounded.
The orc hits you with a +0 falchion.
* * * LOW HITPOINT WARNING * * *
You barely miss the orc.
The orc is moderately wounded.
The orc hits you with a +0 falchion.
You die...

#.8J..#.#)..8.#
*#.....#
#.o..#'.'#....#
*#######
#.og.#'.'#....#
, #.#...8.# * *
* ##.###.)##
#.#.# ### ##.##
* #8o8# ,*
##@##### ,*
#.#.##.##* * ##
#8.8'...# , #.#
#.#.##.## * #..#
##.#####
#...###8.8#
#....###.## , .
#.....##'##....
#...............


You could see an orc.

Vanquished Creatures
  2 dart slugs (D:1)
  3 orcs (D:2)
  An endoplasm (D:2)
  2 hobgoblins (D:2)
  2 jackals (D:1)
  A kobold (D:1)
  A quokka (D:1)
  5 ball pythons
  4 bats
  2 frilled lizards (D:1)
  4 goblins
  A rat (D:1)
28 creatures vanquished.

Notes
Turn   | Place    | Note
-------+----------+-------------------------------------------
     0 | D:1      | shoop the Meteoran Warper began the quest for the Orb.
     0 | D:1      | Reached XP level 1. HP: 17/17 MP: 5/5
    49 | D:1      | Reached skill level 3 in Maces & Flails
    55 | D:1      | Reached XP level 2. HP: 9/24 MP: 6/6
    58 | D:1      | Learned a level 2 spell: Blink
   136 | D:1      | Reached skill level 4 in Maces & Flails
   146 | D:1      | HP: 1/24 [frilled lizard (3)]
   148 | D:1      | Reached XP level 3. HP: 2/29 MP: 8/8
   206 | D:2      | Noticed Robin
   302 | D:3      | Learned a level 2 spell: Passwall
   456 | D:2      | Slain by an orc

Illustrated notes

Levels and vault maps discovered:
D:1:      zelgadis_glass_arrival_small, layout_basic,
          nicolae_ecumenical_snake_handling, minmay_rat_gold_closets
D:2:      layout_basic, serial_bayou_pond_d, wad_orctagon, uniq_jessica,
          uniq_robin
D:3:      layout_basic, amethyst_killhole

Skill      XL: |  1  2 |
---------------+-------+-----
Maces & Flails | 3 4 |  4.6
Fighting       | |  2.1
Throwing       | |  1.2
Armour         | |  1.2
Dodging        | |  2.4
Spellcasting   | |  2.6
Translocations | |  3.6
Transmutations | |  0.7
Earth Magic    | |  0.9

Action                   || total
-------------------------++-------
Melee: Mace              ||   106
       Punch             ||     1
 Cast: Blink             ||     1
  Use: Potion            ||     1
Armor: Leather armour    ||    34
Dodge: Dodged            ||    68

Table legend: (Time is in decaauts)
 A = Elapsed time spent in this place.
 B = Non-inter-level travel time spent in this place.
 C = Inter-level travel time spent in this place.
 D = Time resting spent in this place.
 E = Time spent auto-exploring this place.
 F = Levels seen in this place.
 G = Mean time per level.
                   A        B        C        D        E       F      G
               +--------+--------+--------+--------+--------+-----+--------+
         Total |    475 |    475 |      0 |      0 |      0 |   3 |  158.3 |
       Dungeon |    475 |    475 |      0 |      0 |      0 |   3 |  158.3 |
               +--------+--------+--------+--------+--------+-----+--------+

Top non-repeatable levels by time:
     D:1: 203 daAuts
     D:2: 169 daAuts
     D:3: 103 daAuts
